 Dungeon Crawl Stone Soup version 0.31-a0-1529-g7bd419a0e5 (webtiles) character file.

Game seed: 645344016982276149

700 brekkin the Ruffian (level 7, 0/45 HPs)
             Began as an Octopode Shapeshifter on Jan 1, 2024.
             Was an Initiate of Wu Jian.
             Slain by a ball python (2 damage)
             ... on level 4 of the Dungeon.
             The game lasted 00:30:34 (3080 turns).

brekkin the Ruffian (Octopode Shapeshifter)         Turns: 3080, Time: 00:30:34

Health: 0/45       AC:  1    Str: 20    XL:     7   Next: 65%
Magic:  10/10      EV: 13    Int: 12    God:    Wu Jian [......]
Gold:   208        SH:  0    Dex: 11    Spells: 10/10 levels left

rFire   . .          .
                       - Unarmed
rCold   + . .        (no shield)
rNeg    . . .        (helmet currently unavailable)
rPois   .            (no amulet)
rElec   .            C - +6 ring of strength
rCorr   .            (no ring)
SInv    .            (no ring)
Will    .....        (no ring)
Stlth   ++           (no ring)
HPRegen 0.27/turn    (no ring)
MPRegen 0.12/turn    (no ring)
                     (no ring)

%: no passive effects
@: lethally poisoned (0 -> -19), beast-form
A: beast (slay +2), almost no armour, amphibious, 8 rings, camouflage 1,
gelatinous body 1, (nimble swimmer 1), tentacles, antennae 1, clumsy 1, cold
resistance 1
a: Begin Untransformation, Renounce Religion


You were on level 4 of the Dungeon.
You worshipped Wu Jian.
Wu Jian was noncommittal.
You were a hulking beast.
You visited 1 branch of the dungeon, and saw 4 of its levels.

You collected 208 gold pieces.

Inventory:

Hand Weapons
 E - a +2 falchion of flaming
 I - the +4 trident of Arrival {pain, rElec rN+}
   (You found it on level 3 of the Dungeon)

   rElec:     It insulates you from electricity.
   rN+:       It protects you from negative energy.
Missiles
 i - 19 stones
Jewellery
 d - a +4 ring of slaying
 C - a +6 ring of strength (left tentacle)
Talismans
 b - a beast talisman (active)
 c - a flux talisman
 g - a granite talisman
Wands
 f - a wand of polymorph (6)
 G - a wand of light (5)
Scrolls
 a - a scroll of immolation {unknown}
 p - a scroll of teleportation {unknown}
 u - a scroll of torment {unknown}
 v - a scroll of fog {unknown}
 y - a scroll of identify {unknown}
 B - 2 scrolls of amnesia {unknown}
 H - a scroll of vulnerability {unknown}
Potions
 e - a potion of lignification
 j - a potion of berserk rage {unknown}
 l - 2 potions of heal wounds {unknown}
 w - 2 potions of might {unknown}
 x - a potion of magic {unknown}
 z - 2 potions of curing {unknown}
 A - 2 potions of resistance {unknown}
 D - a potion of attraction {unknown}
 F - a potion of haste {unknown}


   Skills:
 * Level 2.4 Fighting
 + Level 2.6 Dodging
 * Level 6.5 Unarmed Combat
 * Level 2.1 Spellcasting
 * Level 4.7 Shapeshifting


You had 10 spell levels left.
You didn't know any spells.
Your spell library contained the following spells:

 Spells                   Type           Power      Damage    Failure   Level
 Ignite Poison            Fire/Alch      1%         N/A       95%         4
 Sticky Flame             Fire/Alch      1%         2d4       95%         4
 Ignition                 Fire           0%         3d3       100%        8


Dungeon Overview and Level Annotations

Branches:
Dungeon (4/15)             Temple (0/1) D:4

Altars:
Elyvilon
Gozag
Wu Jian

Shops:
D:3 *


Innate Abilities, Weirdness & Mutations

You are a hulking beast.
Your limbs bulge with bestial killing power. (Slay +2)
You cannot wear most types of armour.
You are amphibious.
You can wear up to eight rings at the same time.
Your skin changes colour to match your surroundings (Stealth+).
Your rubbery body absorbs attacks. (AC +1, EV +1)
((You are camouflaged when in or above water. (Stealth+)))
You have tentacles for arms and can constrict up to eight enemies at once.
You have a pair of small antennae on your head.
You are clumsy. (Dex -2)
Your flesh is cold resistant. (rC+)


Message History

The helpless quokka fails to defend itself.
You bludgeon the quokka!
You kill the quokka!
The Council accepts your kill.
No target in view!
You see here a quokka corpse.
You now have 198 gold pieces (gained 19).
You now have 208 gold pieces (gained 10).
Edmund the Younger comes into view.
He is wielding a +1 flail of venom and wearing a +1 scale mail of willpower.
Edmund shouts!
A ball python comes into view.
You lunge at Edmund.
You bludgeon Edmund! Your grab misses Edmund. You tentacle-slap Edmund.
Edmund is moderately wounded.
Edmund hits you with a +1 flail of venom!
You tentacle-slap Edmund. You grab Edmund.
Edmund is moderately wounded.
You constrict Edmund, but do no damage.
Edmund hits you with a +1 flail of venom!
You are poisoned.
You bludgeon Edmund! You squeeze Edmund!
Edmund is almost dead.
You constrict Edmund.
You feel very sick.
Edmund hits you with a +1 flail of venom!
* * * LOW HITPOINT WARNING * * *
You are lethally poisoned!
You are too injured to fight recklessly!
You tentacle-slap Edmund but do no damage.
You squeeze Edmund.
You kill Edmund!
The Council accepts your kill.
* * * LOW HITPOINT WARNING * * *
You feel very sick.
You closely miss the ball python. You grab the ball python.
You constrict the ball python.
* * * LOW HITPOINT WARNING * * *
You feel very sick. The ball python bites you.
You die...

#.#..# #.#..# #. ## ..
###.#..# #..##. .. #
....#..# #..##.##...#
##..#).###......#.#.
).................. #
##.##...#....#..#.#.#
##.##...#....#..#)#.####
##.#.).......#..hS......
##.#....##...##.#......#
##.#..................##
##.#..#####............#
................##...###
.#.#............# .###
......######.#.## .#
...#..######.#.# .#
....)........#.#


You could see a ball python.

Vanquished Creatures
  Menkaure (D:4)
  Edmund (D:4)
  A black bear (D:3)
  An ogre (D:4)
  A bombardier beetle (D:3)
  A jelly (D:4)
  Ijyb (D:4)
  Natasha (thrice) (D:2)
  An orc wizard (D:3)
  A gnoll (D:1)
  2 adders (D:3)
  A dart slug (D:4)
  A ribbon worm (D:3)
  11 orcs
  6 endoplasms
  5 giant cockroaches
  5 goblins
  3 hobgoblins
  5 quokkas
  4 ball pythons
  7 bats
  5 frilled lizards
  5 kobolds
  4 rats
76 creatures vanquished.

Notes
Turn   | Place    | Note
-------+----------+-------------------------------------------
     0 | D:1      | brekkin the Octopode Shapeshifter began the quest for the
                  | Orb.
     0 | D:1      | Reached XP level 1. HP: 13/13 MP: 1/1
    85 | D:1      | Reached XP level 2. HP: 7/18 MP: 2/2
   245 | D:1      | You fall into a shaft and drop 1 floor!
   271 | D:2      | Reached XP level 3. HP: 23/23 MP: 3/3
   756 | D:2      | Noticed Natasha
   762 | D:2      | Killed Natasha
   763 | D:2      | Reached XP level 4. HP: 17/28 MP: 3/5
   800 | D:2      | Noticed Natasha
   808 | D:2      | Killed Natasha
   832 | D:2      | Reached skill level 1 in Spellcasting
   835 | D:2      | Noticed Natasha
   844 | D:2      | Killed Natasha
   845 | D:2      | Reached skill level 4 in Unarmed Combat
  1019 | D:2      | Found a faded altar of an unknown god.
  1121 | D:2      | Reached XP level 5. HP: 32/33 MP: 6/6
  1747 | D:3      | Noticed a black bear
  1756 | D:3      | Killed a black bear
  1757 | D:3      | Reached skill level 5 in Unarmed Combat
  1757 | D:3      | Reached XP level 6. HP: 36/39 MP: 6/8
  2139 | D:3      | Found Vuchuoti's Assorted Antiques.
  2199 | D:3      | Found an opulent altar of Gozag.
  2200 | D:3      | Found an ornate altar of the Wu Jian Council.
  2207 | D:3      | Became a worshipper of the Wu Jian Council
  2237 | D:3      | Identified the +4 trident of Arrival {pain, rElec rN+}
  2535 | D:4      | Gained mutation: You are clumsy. (Dex -2) [potion of
                  | mutation]
  2535 | D:4      | Gained mutation: Your flesh is cold resistant. (rC+)
                  | [potion of mutation]
  2535 | D:4      | Gained mutation: You have a pair of small antennae on your
                  | head. [potion of mutation]
  2541 | D:4      | Reached XP level 7. HP: 20/45 MP: 9/9
  2641 | D:4      | Found a white marble altar of Elyvilon.
  2657 | D:4      | Noticed Ijyb
  2683 | D:4      | Killed Ijyb
  2814 | D:4      | Noticed Menkaure
  2818 | D:4      | Killed Menkaure
  2819 | D:4      | Reached skill level 6 in Unarmed Combat
  2891 | D:4      | Found a staircase to the Ecumenical Temple.
  3072 | D:4      | Noticed Edmund
  3079 | D:4      | Killed Edmund
  3080 | D:4      | HP: 2/45 [poisoned by Edmund]
  3080 | D:4      | Slain by a ball python

Illustrated notes

Levels and vault maps discovered:
D:1:      tekkud_arrival_beachfront_property, layout_basic, minmay_tetromino_l4
D:2:      layout_loops_ring, ebering_ecumenical_altar_box,
          minmay_misc_feat_roman, uniq_natasha
D:3:      layout_basic, mainiacjoe_overflow_divided_tiny, serial_shops,
          nicolae_shop_just_a_little_nook, minmay_bisected
D:4:      layout_basic, mainiacjoe_overflow_boulevard,
          minmay_temple_entry_poolview, uniq_ijyb, uniq_eustachio, uniq_edmund,
          uniq_menkaure

Skill      XL: |  1  2  3  4  5  6  7 |
---------------+----------------------+-----
Spellcasting   | 1 2 |  2.1
Unarmed Combat | 4 5 6 |  6.5
Shapeshifting  | 4 |  4.7
Fighting       | 2 |  2.4
Dodging        | |  2.6

Action                     |  1- 3 |  4- 6 |  7- 9 || total
---------------------------+-------+-------+-------++-------
  Melee: Unarmed           |    40 |    77 |    34 ||   151
         Constrict         |     8 |    19 |     4 ||    31
         Tentacles         |     7 |    17 |     5 ||    29
         Punch             |       |     3 |     2 ||     5
Ability: Lunge             |       |     4 |     4 ||     8
    Use: Potion            |       |     1 |       ||     1
   Stab: Sleeping          |     1 |     6 |     4 ||    11
 Armour: Skin              |    16 |    23 |    13 ||    52
  Dodge: Dodged            |    27 |    32 |     9 ||    68
   Form: Beast             |     1 |       |       ||     1

Table legend: (Time is in decaauts)
 A = Elapsed time spent in this place.
 B = Non-inter-level travel time spent in this place.
 C = Inter-level travel time spent in this place.
 D = Time resting spent in this place.
 E = Time spent auto-exploring this place.
 F = Levels seen in this place.
 G = Mean time per level.
                   A        B        C        D        E       F      G
               +--------+--------+--------+--------+--------+-----+--------+
         Total |   3074 |   3074 |      0 |      6 |   2192 |   4 |  768.5 |
       Dungeon |   3074 |   3074 |      0 |      6 |   2192 |   4 |  768.5 |
               +--------+--------+--------+--------+--------+-----+--------+

Top non-repeatable levels by time:
     D:3: 955 daAuts
     D:2: 732 daAuts
     D:1: 701 daAuts
     D:4: 685 daAuts
